 Dungeon Crawl Stone Soup version 0.26.0-16-gc1dbca0489 (webtiles) character file.

Game seed: 8369104892741967866

35157 112233 the Geomancer (level 13, -5/92 HPs)
             Began as an Octopode Earth Elementalist on Jan 20, 2021.
             Was an Initiate of Gozag.
             Slain by a manticore (6 damage)
             ... on level 14 of the Dungeon.
             The game lasted 00:30:43 (30519 turns).

112233 the Geomancer (Octopode Earth Elementalist) Turns: 30519, Time: 00:30:43

Health: -5/92      AC:  1    Str: 11    XL:     13   Next: 82%
Magic:  15/26      EV: 19    Int: 22    God:    Gozag
Gold:   2098       SH:  0    Dex: 13    Spells: 15/31 levels left

rFire    + . .     SeeInvis .   E - +5 great sword (freeze)
rCold    . . .     Faith    .   (shield currently unavailable)
rNeg     + . .     Spirit   .   (helmet restricted)
rPois    +         Reflect  .   F - amulet of the acrobat
rElec    .         Harm     .   u - ring of poison resistance
rCorr    .         Rampage  .   P - ring "Aggogeod" {rF+ rN+ Str+4}
Will     +....                  U - ring of willpower
Stlth    +++.......             (no ring)
HPRegen  0.25/turn              (no ring)
MPRegen  0.20/turn              (no ring)
                                (no ring)
                                (no ring)

@: no status effects
A: almost no armour, stealthy swim, amphibious, 8 rings, constrict 8, camouflage
1, gelatinous body 1
a: Renounce Religion, Potion Petition, Call Merchant, Bribe Branch


You were on level 14 of the Dungeon.
You worshipped Gozag.
Gozag was most pleased with you.
You visited 4 branches of the dungeon, and saw 19 of its levels.
You also visited: Bailey and Ice Cave.

You collected 3938 gold pieces.
You spent 987 gold pieces at shops.
You paid 853 gold pieces to Gozag.

Inventory:

Hand Weapons
 a - a +0 short sword
 q - a +0 mace of protection
 v - a +3 dagger
 E - a +5 great sword of freezing (weapon)
Missiles
 b - 367 stones
 h - 44 poisoned darts
 k - 3 boomerangs of dispersal
 p - 3 javelins
Armour
 M - a +0 tower shield
 N - the +2 shield of Resistance {rF++ rC++ Will++}
   (You acquired it on level 13 of the Dungeon)

   It greatly protects you from fire.
   It greatly protects you from cold.
   It affects your willpower, your defense against some magical effects.
Jewellery
 u - a ring of poison resistance (left tentacle)
 F - an amulet of the acrobat (around mantle)
 H - an uncursed amulet of reflection
 P - the ring "Aggogeod" (right tentacle) {rF+ rN+ Str+4}
   (You acquired it on level 2 of the Lair of Beasts)

   [ring of positive energy]

   It affects your strength (+4).
   It protects you from fire.
   It protects you from negative energy.
 U - a ring of willpower (on tentacle)
 X - an uncursed ring of ice {unknown}
Wands
 D - a wand of iceblast (16)
 G - a wand of disintegration (1)
 K - a wand of paralysis (13)
 L - a wand of polymorph (7)
 V - a wand of flame (12)
Scrolls
 d - 6 scrolls of amnesia
 l - 2 scrolls of blinking
 m - 9 scrolls of enchant armour
 n - a scroll of immolation
 o - 7 scrolls of remove curse {@r2}
 r - a scroll of silence
 s - 11 scrolls of teleportation {@r3}
 y - 2 scrolls of summoning
 A - 3 scrolls of fear
 C - 7 scrolls of enchant weapon
 I - 5 scrolls of identify {@r1}
 R - a scroll of magic mapping {unknown}
 T - a scroll of torment {unknown}
Potions
 e - 5 potions of degeneration
 f - 5 potions of invisibility
 g - 5 potions of brilliance
 i - 3 potions of attraction
 j - 3 potions of lignification
 t - 6 potions of might
 w - 2 potions of resistance
 x - 16 potions of curing {@q1}
 z - a potion of heal wounds
 B - 6 potions of flight
 J - a potion of magic
 O - 3 potions of berserk rage {unknown}
 Q - 2 potions of haste {unknown}
 W - a potion of cancellation
Miscellaneous
 S - a phial of floods


   Skills:
 + Level 10.0 Fighting
 + Level 10.5 Dodging
 - Level 2.6 Stealth
 + Level 5.1 Shields
 + Level 9.7 Spellcasting
 + Level 6.5 Transmutations
 - Level 12.3 Earth Magic
 + Level 7.1 Evocations


You had 15 spell levels left.
You knew the following spells:

 Your Spells              Type           Power        Failure   Level
a - Sandblast             Erth           100%         1%          1
b - Stone Arrow           Conj/Erth      74%          1%          3
c - Lee's Rapid Deconstr  Erth           30%          1%          5
d - Apportation           Tloc           20%          6%          1
e - Passwall              Tmut/Erth      42%          1%          2
f - Petrify               Tmut/Erth      51%          1%          4

Your spell library contained the following spells:

 Spells                   Type           Power        Failure   Level
 Animate Skeleton         Necr           20%          6%          1
 Corona                   Hex            11%          6%          1
 Freeze                   Ice            40%          6%          1
 Magic Dart               Conj           40%          6%          1
 Summon Small Mammal      Summ           40%          6%          1
 Blink                    Tloc           N/A          10%         2
 Call Imp                 Summ           10%          10%         2
 Ensorcelled Hibernation  Hex/Ice        20%          10%         2
 Slow                     Hex            10%          10%         2
 Borgnjor's Vile Clutch   Necr/Erth      18%          14%         5
 Confusing Touch          Hex            10%          19%         3
 Conjure Flame            Conj/Fire      10%          19%         3
 Dazzling Flash           Conj/Hex       20%          19%         3
 Frozen Ramparts          Ice            20%          19%         3
 Lesser Beckoning         Tloc           5%           19%         3
 Mephitic Cloud           Conj/Pois/Air  10%          19%         3
 Ozocubu's Armour         Ice            10%          19%         3
 Tukima's Dance           Hex            10%          19%         3
 Alistair's Intoxication  Tmut/Pois      16%          41%         5
 Hailstorm                Conj/Ice       10%          52%         4
 Summon Ice Beast         Ice/Summ       10%          52%         4
 Silence                  Hex/Air        5%           86%         5
 Invisibility             Hex            10%          100%        6
 Shadow Creatures         Summ           N/A          100%        6


Dungeon Overview and Level Annotations

Branches:
Dungeon (14/15)            Temple (1/1) D:6            Lair (3/6) D:10
    Orc (1/2) D:12         Bailey (visited)           IceCv (visited)
  Swamp: Lair:2-4    Shoals: Lair:2-4     Snake: Lair:2-4    Spider: Lair:2-4
 Vaults: D:13-14

Altars:
Ashenzari
Cheibriados
Dithmenos
Elyvilon
Fedhas
Gozag
Hepliaklqana
Kikubaaqudgha
Makhleb
Nemelex Xobeh
Okawaru
Qazlal
Ru
Sif Muna
Trog
Uskayaw
Vehumet
Wu Jian
Xom
Yredelemnul
Zin
The Shining One

Shops:
D:7 [=:*   D:13 !

Annotations:
D:11 1 runed translucent door


Innate Abilities, Weirdness & Mutations

You cannot wear most types of armour.
You are very stealthy in the water. (Stealth+)
You are amphibious.
You can wear up to eight rings at the same time.
You can use your tentacles to constrict eight enemies at once.
Your skin changes colour to match your surroundings (Stealth+).
Your rubbery body absorbs attacks. (AC +1, EV +1)


Message History

Casting: Stone Arrow (safe; 1% risk of failure)
Aiming: Stone Arrow (safe; 1% risk of failure)
Aim: a manticore (moderately wounded, 16% to evade)
The stone arrow hits the manticore!
The manticore bites you!! The manticore closely misses you. x2
Casting: Stone Arrow (safe; 1% risk of failure)
Aiming: Stone Arrow (safe; 1% risk of failure)
Aim: a manticore (heavily wounded, 16% to evade)
The stone arrow hits the manticore!
The manticore bites you!!
* * * LOW HITPOINT WARNING * * *
The manticore claws you!
* * * LOW HITPOINT WARNING * * *
The manticore barely misses you.
You feel much better. The manticore bites you!!
* * * LOW HITPOINT WARNING * * *
The manticore claws you.
* * * LOW HITPOINT WARNING * * *
The manticore claws you.
You die...
Your body crumbles into a pile of gold.

.###.........###
'.#..........<#
...........#........
#.........####.....
#.........# ....
#.........# ###
#.........#
##.######## #.H@.# $
####'##### ..
#..E$....#
..#.##........#
.....#..(..!..#
......$$.......'..
P..PP.....(..<.##.
#+ ♣P..........#
..##.##P..........#


You could see a manticore.

Vanquished Creatures
  4 hydras
  A centaur warrior (D:14)
  A tengu warrior (D:13)
  A two-headed ogre (D:12)
  3 unseen horrors
  4 orc knights (Bailey)
  2 deep elf magi
  2 ugly things (IceCv)
  A cyclops (D:13)
  A manticore (D:13)
  A black mamba (Lair:2)
  A black mamba (shapeshifter) (D:14)
  2 ice statues (IceCv)
  5 elephants (Lair:2)
  2 gargoyles
  Maggie (D:6)
  3 cane toads
  A kobold demonologist (D:12)
  2 rime drakes (D:14)
  A centaur skeleton (D:14)
  3 komodo dragons
  An efreet (D:13)
  3 trolls
  3 slime creatures (D:13)
  2 polar bears (Lair:2)
  A hornet (D:12)
  A wyvern (D:10)
  23 yaks
  2 water elementals (D:13)
  Eustachio (D:6)
  Sigmund (D:3)
  4 wraiths
  A basilisk (Lair:1)
  3 water moccasins
  An acid dragon (D:14)
  7 ice beasts
  21 orc warriors
  3 sky beasts
  3 phantoms
  2 eyes of draining
  2 black bears (D:8)
  A necrophage (D:6)
  9 centaurs
  4 ogres
  9 wolves
  3 big kobolds
  5 bullfrogs
  A wyvern zombie (D:7)
  5 scorpions
  4 killer bees (D:6)
  2 howler monkeys
  15 wights
  11 electric eels
  A bullfrog zombie (D:5)
  3 centaur zombies
  8 hounds
  A jelly (D:14)
  7 orc priests
  4 bullfrog skeletons
  An iguana (D:11)
  13 orc wizards
  14 worker ants
  A worker ant zombie (D:5)
  11 adders
  13 gnolls
  2 shadow imps
  A white imp (D:9)
  3 ufetubi
  2 oozes
  3 adder skeletons
  2 worms
  2 dart slugs
  4 leopard geckos
  108 orcs
  A ball python (D:4)
  5 giant cockroaches
  8 goblins
  8 hobgoblins
  6 jackals
  19 kobolds
  6 quokkas
  A ball python skeleton (D:5)
  9 bats
  13 frilled lizards
  5 rats
481 creatures vanquished.

Vanquished Creatures (others)
  A dancing weapon (D:13)
  28 fungi
  49 plants (Lair:2)
78 creatures vanquished.

Grand Total: 559 creatures vanquished

Notes
Turn   | Place    | Note
-------+----------+-------------------------------------------
     0 | D:1      | 112233 the Octopode Earth Elementalist began the quest for
                  | the Orb.
     0 | D:1      | Reached XP level 1. HP: 11/11 MP: 3/3
   186 | D:1      | Reached XP level 2. HP: 14/17 MP: 5/5
  1037 | D:1      | Reached XP level 3. HP: 21/21 MP: 2/6
  2193 | D:2      | Reached skill level 4 in Earth Magic
  2193 | D:2      | Reached XP level 4. HP: 24/27 MP: 5/7
  2338 | D:3      | Found a glowing silver altar of Zin.
  2526 | D:3      | Noticed Sigmund
  2626 | D:4      | Reached XP level 5. HP: 27/31 MP: 5/9
  2871 | D:4      | Noticed an orc warrior
  3282 | D:3      | Learned a level 2 spell: Passwall
  3466 | D:3      | Learned a level 3 spell: Stone Arrow
  3512 | D:3      | Reached skill level 5 in Earth Magic
  3741 | D:3      | Killed Sigmund
  3742 | D:3      | Reached skill level 1 in Fighting
  3742 | D:3      | Reached XP level 6. HP: 38/38 MP: 6/11
  3859 | D:4      | Reached XP level 7. HP: 44/44 MP: 7/12
  4660 | D:4      | Found a hazy altar of Hepliaklqana.
  4703 | D:4      | Found a hide-covered altar of Uskayaw.
  4851 | D:4      | Found a glowing golden altar of the Shining One.
  4934 | D:4      | Reached skill level 6 in Earth Magic
  5089 | D:5      | Entered Level 5 of the Dungeon
  5089 | D:5      | Found a blossoming altar of Fedhas.
  5832 | D:7      | Found Goenax's General Store.
  5855 | D:7      | Reached skill level 10 in Earth Magic
  5855 | D:7      | Reached XP level 8. HP: 5/57 MP: 9/17
  5863 | D:7      | Reached XP level 9. HP: 13/62 MP: 5/18
  7874 | D:5      | Found a sacrificial altar of Ru.
  8104 | D:5      | Found a blossoming altar of Fedhas.
  8270 | D:5      | Found a burning altar of Makhleb.
  8394 | D:6      | Found a staircase to the Ecumenical Temple.
  8448 | Temple   | Entered the Ecumenical Temple
  8572 | Temple   | Became a worshipper of Gozag Ym Sagoz the Greedy
  8855 | D:6      | Noticed Eustachio
  8870 | D:6      | Killed Eustachio
  9200 | D:6      | Noticed Maggie
  9209 | D:6      | Killed Maggie
  9210 | D:6      | Reached XP level 10. HP: 67/69 MP: 4/20
  9328 | D:6      | Found a sparkling altar of Nemelex Xobeh.
  9741 | D:6      | Learned a level 1 spell: Apportation
  9846 | D:6      | Reached skill level 11 in Earth Magic
 10090 | D:6      | Learned a level 5 spell: Lee's Rapid Deconstruction
 10095 | D:6      | Learned a level 4 spell: Petrify
 10815 | D:7      | Bought a scroll of identify for 30 gold pieces
 10815 | D:7      | Bought a potion of might for 60 gold pieces
 10815 | D:7      | Bought a potion of flight for 45 gold pieces
 11304 | D:7      | Found Egouq's Book Emporium.
 11311 | D:7      | Found an opulent altar of Gozag.
 11312 | D:7      | Bought a book of Minor Magic for 260 gold pieces
 11472 | D:7      | Found Horoch's Jewellery Boutique.
 11774 | D:7      | Found Ceniul's Antique Armour Shoppe.
 11917 | D:8      | Found a bloodstained altar of Trog.
 13207 | D:10     | Entered Level 10 of the Dungeon
 13893 | D:10     | Noticed a gargoyle
 13902 | D:10     | Killed a gargoyle
 15306 | D:9      | Found a broken altar of Ashenzari.
 15397 | D:9      | Reached XP level 11. HP: 67/75 MP: 15/22
 15692 | D:9      | Found a stormy altar of Qazlal.
 15747 | D:9      | Found a shadowy altar of Dithmenos.
 15813 | D:9      | Found a shimmering blue altar of Sif Muna.
 16734 | D:10     | Found a staircase to the Lair.
 17357 | D:11     | Reached skill level 1 in Evocations
 17696 | D:11     | Found a runed translucent door.
 17696 | D:11     | Noticed a wizard
 17698 | D:11     | Noticed an ice dragon
 17698 | D:11     | Noticed a manticore
 17699 | D:11     | Noticed a boulder beetle
 19244 | D:12     | Noticed a two-headed ogre
 19250 | D:12     | Killed a two-headed ogre
 19545 | D:12     | Killed an unseen horror
 19546 | D:12     | Reached skill level 12 in Earth Magic
 19697 | D:12     | Found a staircase to the Orcish Mines.
 21237 | D:13     | Killed an unseen horror
 21238 | D:13     | Reached XP level 12. HP: 61/84 MP: 0/24
 21415 | D:13     | Identified a scroll of acquirement
 21416 | D:13     | Acquired the +2 shield of Resistance {rF++ rC++ Will++}
 21417 | D:13     | Found the +2 shield of Resistance {rF++ rC++ Will++}
 21536 | D:13     | Noticed a boulder beetle
 21556 | D:13     | Found a flagged portal.
 21566 | D:13     | Noticed a tengu warrior
 21569 | Bailey   | Entered a bailey
 22168 | Bailey   | Reached skill level 1 in Shields
 22798 | D:13     | Killed a tengu warrior
 23548 | D:13     | Reached skill level 5 in Evocations
 23769 | Lair:1   | Entered Level 1 of the Lair of Beasts
 24043 | Lair:1   | Noticed an eight-headed hydra
 24096 | Lair:1   | Killed an eight-headed hydra
 24503 | Lair:1   | Noticed a four-headed hydra
 24519 | Lair:1   | Killed a four-headed hydra
 24520 | Lair:1   | Reached skill level 5 in Transmutations
 24722 | Lair:1   | Noticed a six-headed hydra
 24729 | Lair:1   | Killed a six-headed hydra
 25214 | Lair:2   | Acquired the ring "Aggogeod" {rF+ rN+ Str+4}
 25380 | Lair:2   | Reached XP level 13. HP: 69/90 MP: 9/26
 26329 | Lair:2   | Reached skill level 10 in Dodging
 27951 | Orc:1    | Entered Level 1 of the Orcish Mines
 28355 | D:13     | Found Jiamih's Distillery.
 28376 | D:13     | Bought a potion of heal wounds for 80 gold pieces
 28376 | D:13     | Bought a potion of lignification for 48 gold pieces
 28376 | D:13     | Bought a potion of curing for 48 gold pieces
 28376 | D:13     | Bought a potion of curing for 48 gold pieces
 28376 | D:13     | Bought a potion of curing for 48 gold pieces
 28376 | D:13     | Bought a potion of curing for 48 gold pieces
 28376 | D:13     | Bought a potion of curing for 48 gold pieces
 28376 | D:13     | Bought 2 potions of curing for 96 gold pieces
 28376 | D:13     | Bought a potion of cancellation for 128 gold pieces
 28570 | D:14     | Found a frozen archway.
 28586 | IceCv    | Entered an ice cave
 28803 | IceCv    | Found a transporter.
 28898 | IceCv    | Found a transporter.
 29717 | D:13     | Reached skill level 5 in Shields
 29851 | D:13     | Reached skill level 10 in Fighting
 30519 | D:14     | HP: 1/92 [manticore (6)]
 30519 | D:14     | Slain by a manticore

Illustrated notes

Levels and vault maps discovered:
D:1:      dpeg_arrival_stone_temple_mockup, layout_loops_ring,
          minmay_lizard_pond
D:2:      layout_rooms
D:3:      layout_basic, old_standard_altar, uniq_sigmund
D:4:      layout_layer_cave, tso_metal_star, overflow_temple_1_default,
          eat_drink_and_be_merry_uskayaw, guppyfry_early_orc_mine
D:5:      layout_rooms, kennysheep_little_box, marbit_many_paths, basic_altar,
          minmay_misc_feat_pillars, fedhas_altar_1
D:6:      layout_gridville, nemelex_xobeh_ov_fountains_minmay,
          minmay_temple_entry_stoned_glass, st_stairs_1, grunt_potential,
          uniq_eustachio, uniq_maggie
D:7:      layout_basic, serial_shops, shop, nicolae_shop_crystal,
          nicolae_shop_trees, shop,
          nicolae_gozag_cash_rules_everything_around_me
D:8:      layout_loops_ring, trog_ov_bears_minmay
D:9:      layout_cave_pools, nicolae_overflow_crystal_walls,
          evilmike_ruin_ashenzari, nicolae_dithmenos_through_a_glass_darkly,
          kennysheep_nondescript, nicolae_qazlal_eye_of_the_storm
D:10:     layout_basic, erik_lair_island
D:11:     layout_gridville, minmay_misc_feat_nine_boxes,
          amcnicky_mini_corridor_feature, minmay_st_funbox
D:12:     layout_layer_cave, erik_orc_3
D:13:     layout_basic, erik_vaults_1, enter_bailey_2, serial_shops, shop
D:14:     layout_roguey, serial_park_gazebo [serial_park_minivault_5x5_3],
          portal_ice_cave_rime, lightli_corner_chamber
Temple:   minmay_temple_curvy_loop
Lair:1:   layout_regular_city, chequers_serial_rivers_micro_e,
          infiniplex_staircase_pool
Lair:2:   layout_concentric_octagons, hangedman_lair_unloving_vines
Lair:3:   layout_regular_city, nicolae_volcano_entry_two_sided,
          amcnicky_altar_gilded, grunt_megastairs_3, uniq_sonja
Orc:1:    layout_caves, basic_altar, uniq_gastronok, uniq_nergalle

Skill      XL: |  1  2  3  4  5  6  7  8  9 10 11 12 13 |
---------------+----------------------------------------+-----
Earth Magic    | 4 5 10 11 12 | 12.3
Dodging        | 3 7 8 9 10 | 10.5
Spellcasting   | 3 6 7 8 9 |  9.7
Fighting       | 1 6 7 8 9 10 | 10.0
Evocations     | 3 5 7 |  7.1
Transmutations | 3 5 6 |  6.5
Shields        | 3 5 |  5.1
Stealth        | |  2.6

Action                   |  1- 3 |  4- 6 |  7- 9 | 10-12 | 13-15 || total
-------------------------+-------+-------+-------+-------+-------++-------
Melee: Short sword       |    61 |     4 |       |       |       ||    65
       Constrict         |    15 |    12 |     9 |    27 |     4 ||    67
       Tentacles         |     6 |     5 |     3 |    11 |     8 ||    33
       Mace              |       |    32 |    21 |       |       ||    53
       Dagger            |       |       |    12 |    27 |       ||    39
       Great sword       |       |       |       |    80 |    21 ||   101
 Cast: Sandblast         |    30 |    47 |   106 |   100 |    38 ||   321
       Stone Arrow       |       |       |    52 |   343 |    89 ||   484
       Lee's Rapid Decon |       |       |       |    18 |    36 ||    54
       Petrify           |       |       |       |     3 |       ||     3
Invok: Potion Petition   |       |       |       |     1 |     1 ||     2
Evoke: Wand              |       |       |       |    24 |    15 ||    39
  Use: Potion            |       |       |     9 |       |     4 ||    13
       Scroll            |       |       |       |    18 |     5 ||    23
 Stab: Sleeping          |     4 |     2 |       |     5 |       ||    11
       Petrified         |       |       |       |     7 |       ||     7
       Paralysed         |       |       |       |    11 |     3 ||    14
       Distracted        |       |       |       |     1 |       ||     1
Armor: Skin              |    11 |     8 |     7 |     9 |     3 ||    38
Dodge: Dodged            |    48 |    38 |    85 |   231 |   106 ||   508
       Rpst.: Great sword |       |       |       |    36 |    23 ||    59
